 Dungeon Crawl Stone Soup version 0.29.0-4-gdea44cf6ec (webtiles) character file.

Game seed: 7356997417196602547

29 qw the Chopper (level 3, -3/29 HPs)
             Began as a Barachi Chaos Knight on Sept 4, 2022.
             Slain by Sigmund
             ... wielding a +0 scythe
              (4 damage)
             ... on level 2 of the Dungeon.
             The game lasted 00:00:31 (1542 turns).

qw the Chopper (Barachi Chaos Knight)               Turns: 1542, Time: 00:00:32

Health: -3/29      AC:  8    Str: 15    XL:     3   Next: 16%
Magic:  3/3        EV:  6    Int: 12    God:
Gold:   48         SH:  0    Dex: 11    Spells: 2/2 levels left

rFire   . . .      SeeInvis .   Y - +0 hand axe (chaos)
rCold   . . .      Faith    .   (no shield)
rNeg    + . .      Spirit   .   d - +0 chain mail
rPois   .          Reflect  .   (no helmet)
rElec   .          Harm     .   (no cloak)
rCorr   .          Rampage  .   (no gloves)
Will    .....                   (no boots)
Stlth   ..........              (no amulet)
HPRegen 0.09/turn               k - ring of positive energy
MPRegen 0.08/turn               (no ring)

@: slow
A: amphibious, slowness 1, strong legs 1, +LOS
a: Hop


You were on level 2 of the Dungeon.
You visited 1 branch of the dungeon, and saw 2 of its levels.

You collected 48 gold pieces.


Innate Abilities, Weirdness & Mutations

You are amphibious.
You cover ground slowly.
You can hop short distances.
You have an extended range of vision and can be seen from far away.


   Skills:
 - Level 3.6 Fighting
 + Level 4.6 Axes
 - Level 2.4 Armour
 - Level 1.1 Dodging


You had 2 spell levels left.
You didn't know any spells.
Your spell library was empty.

Inventory:

Hand Weapons
 j - a +0 club
 Y - a +0 hand axe of chaos (weapon)
Armour
 d - a +0 chain mail (worn)
Jewellery
 k - a ring of positive energy (left hand)
Potions
 a - a potion of curing {unknown}
 e - a potion of berserk rage {unknown}
 f - a potion of magic {unknown}
Miscellaneous
 c - a piece from Xom's chessboard (15/15)

Dungeon Overview and Level Annotations

Branches:
Dungeon (2/15)

Altars:

Annotations:
D:2 Sigmund


Message History

You hit the kobold.
The kobold is heavily wounded.
You hit the ball python.
You kill the ball python!
The kobold closely misses you.
You hit the kobold. You freeze the kobold.
You kill the kobold!
You see here a ball python corpse.
You now have 34 gold pieces (gained 16).
You see here 5 stones.
a - a fizzy brown potion
Enter note: An endoplasm comes into view.
The endoplasm quivers.
You hit the endoplasm. You freeze the endoplasm.
You kill the endoplasm!
You now have 48 gold pieces (gained 14).
You open the door.
Sigmund the Dreaded comes into view.
He is wielding a +0 scythe and carrying a wand of flame (25).
Sigmund zaps a wand.
The puff of flame hits you.
Found a stone staircase leading up.
Enter note: Sigmund hits you from afar with a +0 scythe.
There is an open door here.
Sigmund hits you with a +0 scythe.
You barely miss Sigmund.
Sigmund zaps a wand.
The puff of flame hits you.
You closely miss Sigmund.
Sigmund points at you and mumbles some strange words.
You resist with significant effort.
You hit Sigmund but do no damage. Sigmund hits you but does no damage.
You closely miss Sigmund. You hit Sigmund.
Sigmund is lightly wounded.
Sigmund blinks!
Sigmund zaps a wand.
The puff of flame hits you.
Sigmund hits you from afar with a +0 scythe.
There is an open door here.
Sigmund hits you with a +0 scythe.
You die...

# ### #. #..
#.###.#######
#.....#.<...#
#....@'.ยค...#
#...@.##########
#..............##....#
#######........##...^#
#........##....#
#........##.....
#........+......
##........# #....
...........####....


You could see Sigmund.

Vanquished Creatures
  A dart slug (D:1)
  3 ball pythons
  2 endoplasms
  A giant cockroach (D:1)
  4 goblins (D:1)
  A hobgoblin (D:1)
  3 kobolds
  2 quokkas (D:1)
  4 bats (D:1)
  A frilled lizard (D:1)
  A rat (D:1)
23 creatures vanquished.

Notes
Turn   | Place    | Note
-------+----------+-------------------------------------------
     0 | D:1      | qw the Barachi Chaos Knight began the quest for the Orb.
     0 | D:1      | Reached XP level 1. HP: 18/18 MP: 1/1
     0 | D:1      | 0 ||| qw: Version: 0.1-a-102-g441f92d
     0 | D:1      | 0 ||| qw: Game counter: 5322
     0 | D:1      | 0 ||| qw: Always use a shield: true
     0 | D:1      | 0 ||| qw: God list: Okawaru
     0 | D:1      | 0 ||| qw: Allow faded altars: false
     0 | D:1      | 0 ||| qw: Do Orc after D:15 true
     0 | D:1      | 0 ||| qw: Do second Lair branch before Depths: true
     0 | D:1      | 0 ||| qw: Lair rune preference: random
     0 | D:1      | 0 ||| qw: Plans: Normal
     0 | D:1      | 0 ||| PLANNING D:1-11
     0 | D:1      | Fell from the grace of Xom
   167 | D:1      | 167 ||| Stepping ~*~*~tactically~*~*~ (hiding).
   269 | D:1      | 269 ||| Stepping ~*~*~tactically~*~*~ (hiding).
   271 | D:1      | 271 ||| Stepping ~*~*~tactically~*~*~ (hiding).
   272 | D:1      | 272 ||| Stepping ~*~*~tactically~*~*~ (hiding).
   416 | D:1      | Reached XP level 2. HP: 23/24 MP: 2/2
   500 | D:1      | Reached skill level 4 in Axes
   635 | D:1      | 635 ||| Stepping ~*~*~tactically~*~*~ (stealth).
   715 | D:1      | Found Fauxt's Antique Weapon Shop.
   768 | D:1      | XOM: torment (13/24 hp)
  1196 | D:1      | Reached XP level 3. HP: 29/29 MP: 3/3
  1199 | D:1      | Found a faded altar of an unknown god.
  1240 | D:1      | XOM: summons 1 hostile demon
  1377 | D:1      | 1377 ||| UPGRADING to +0 chain mail.
  1387 | D:1      | 1387 ||| DROPPING +2 leather armour.
  1388 | D:1      | 1388 ||| UPGRADING to ring of positive energy.
  1389 | D:1      | 1389 ||| READING scroll labelled HOSUIT SA MUSI.
  1390 | D:1      | 1390 ||| READING scroll labelled HYAHUHAQAO.
  1391 | D:1      | 1391 ||| READING scroll labelled EMPUEG SUEKECLUO.
  1533 | D:2      | Noticed Sigmund
  1540 | D:2      | HP: 3/29 [Sigmund/puff of flame (6)]
  1541 | D:2      | HP: 1/29 [Sigmund/+0 scythe (2)]
  1542 | D:2      | Slain by Sigmund

Levels and vault maps discovered:
D:1:      elethiomel_arrival_quiet, layout_basic, serial_shops, shop,
          hellmonk_ecumenical_altar_inner_sanctum, nicolae_figureground_sparkle
D:2:      layout_basic, basic_altar, uniq_sigmund

Skill      XL: |  1  2 |
---------------+-------+-----
Axes           | 4 |  4.6
Fighting       | |  3.6
Armour         | |  2.4
Dodging        | |  1.1

Action                   || total
-------------------------++-------
Melee: Hand axe          ||    64
Invok: Renounce Religion ||     1
  Use: Scroll            ||     3
Armor: Leather armour    ||    20
       Chain mail        ||     1
Dodge: Dodged            ||    32

Table legend:
 A = Non-vault XP
 B = Vault XP
 C = Vault XP percentage of total XP
 D = Non-vault monster count
 E = Vault monster count
 F = Vault count percentage of total count
                 A         B        C        D         E       F
            +---------+---------+-------+---------+---------+-------
      Total |      42 |       0 |   0.0 |      23 |       0 |   0.0
            +---------+---------+-------+---------+---------+-------
        D:1 |      35 |       0 |   0.0 |      19 |       0 |   0.0
        D:2 |       7 |       0 |   0.0 |       4 |       0 |   0.0
            +---------+---------+-------+---------+---------+-------
